Map: Frost LE

Players

Cube

  • Race: Protoss Protoss
  • League: Master

Towelie - Winner!

  • Race: Zerg Zerg
  • League: Grandmaster

Event: Clash of the Clanless

VOD

Have the link to the VOD?

Description

Time

  • Played on: Aug. 20, 2016, 12:43 p.m.
  • Length: 10:56

All games in this series

Show
View Real Time Build Order
Export as new Build Order

Cube Protoss 

Build Orders: 1 Gate Expand 

Get SALT Encoding   

  12  0:01  Probe (Chrono Boost)  
  13  0:11  Probe (Chrono Boost)  
  14  0:18  Pylon  
  14  0:22  Probe (Chrono Boost)  
  15  0:37  Probe (Chrono Boost), Gateway  
  15  0:42  Assimilator  
  16  0:47  Probe (Chrono Boost)  
  17  0:58  Probe (Chrono Boost)  
  18  1:08  Probe (Chrono Boost)  
  19  1:19  Probe (Chrono Boost)  
  19  1:25  Nexus  
  20  1:30  Probe (Chrono Boost)  
  21  1:36  Cybernetics Core  
  21  1:44  Assimilator  
  21  1:45  Probe (Chrono Boost)  
  22  1:51  Pylon  
  22  1:55  Probe (Chrono Boost)  
  23  2:09  Zealot  
  23  2:14  Mothership Core (Chrono Boost)  
  27  2:16  Pylon  
  27  2:19  Warp Gate  
  27  2:28  Pylon  
  26  2:38  Adept  
  26  2:42  Probe (Chrono Boost)  
  24  3:01  Adept  
  25  3:16  Probe (Chrono Boost)  
  25  3:18  Probe (Chrono Boost)  
  26  3:26  Adept  
  28  3:40  Probe (Chrono Boost)  
  29  3:42  Probe (Chrono Boost)  
  30  3:51  Probe (Chrono Boost)  
  30  3:52  Probe (Chrono Boost)  
  30  3:53  Sentry  
  34  4:01  Probe (Chrono Boost)  
  35  4:06  Probe (Chrono Boost)  
  36  4:12  Probe (Chrono Boost)  
  36  4:16  Twilight Council  
  36  4:17  Probe (Chrono Boost)  
  38  4:24  Pylon  
  38  4:38  Probe x2 (Chrono Boost)  
  38  4:42  Gateway  
  34  4:47  Gateway  
  34  4:48  Probe x2 (Chrono Boost)  
  34  4:49  Resonating Glaives  
  36  4:59  Probe x2 (Chrono Boost)  
  38  5:03  Adept  
  40  5:09  Probe x2 (Chrono Boost)  
  42  5:16  Pylon  
  42  5:20  Probe x2 (Chrono Boost)  
  44  5:30  Probe x2 (Chrono Boost)  
  46  5:37  Pylon  
  46  5:38  Adept  
  46  5:39  Pylon  
  46  5:41  Probe x2 (Chrono Boost)  
  50  5:46  Adept x2  
  55  5:57  Probe (Chrono Boost)  
  55  6:02  Nexus  
  55  6:04  Adept  
  52  6:07  Adept  
  52  6:08  Adept  
  55  6:16  Probe (Chrono Boost)  
  55  6:18  Probe (Chrono Boost)  
  54  6:25  Assimilator  
  54  6:27  Probe (Chrono Boost)  
  54  6:30  Probe (Chrono Boost)  
  56  6:37  Probe (Chrono Boost)  
  57  6:42  Probe (Chrono Boost)  
  58  6:48  Probe (Chrono Boost)  
  58  6:50  Templar Archives  
  60  6:54  Probe (Chrono Boost), Assimilator  
  60  6:57  Pylon  
  60  6:58  Probe (Chrono Boost)  
  60  7:01  Adept  
  63  7:06  Probe (Chrono Boost)  
  63  7:07  Adept x2  
  68  7:09  Probe (Chrono Boost)  
  69  7:16  Probe (Chrono Boost)  
  69  7:18  Probe (Chrono Boost)  
  69  7:19  Probe (Chrono Boost)  
  72  7:26  Probe (Chrono Boost)  
  74  7:30  Probe x2 (Chrono Boost)  
  76  7:37  Probe (Chrono Boost)  
  76  7:38  Adept x2  
  76  7:40  Probe (Chrono Boost)  
  76  7:42  Probe (Chrono Boost)  
  76  7:53  Adept  
  76  7:56  Probe (Chrono Boost)  
  76  7:57  Charge  
  80  7:58  Probe (Chrono Boost)  
  80  8:01  Gateway  
  80  8:02  Gateway  
  80  8:04  Gateway  
  80  8:06  Gateway  
  80  8:07  High Templar x2  
  80  8:09  Gateway  
  80  8:12  Gateway  
  85  8:20  Probe (Chrono Boost), Assimilator  
  85  8:21  Probe (Chrono Boost)  
  85  8:22  Probe (Chrono Boost), Assimilator  
  85  8:26  Archon  
  87  8:29  Adept  
  87  8:32  Probe (Chrono Boost)  
  90  8:34  Pylon  
  90  8:37  Pylon  
  90  8:40  Pylon  
  90  8:50  High Templar  
  90  8:54  Pylon  
  92  8:56  High Templar, Pylon  
  92  8:57  Adept  
  92  9:00  Archon  
  96  9:04  Pylon  
  96  9:07  Pylon  
  96  9:11  Gateway  
  96  9:15  High Templar x2  
  96  9:16  High Templar x2  
  104  9:17  Zealot x3  
  104  9:19  Archon  
  104  9:20  Archon  
  110  9:35  Zealot x2  
  114  9:43  High Templar x2, Zealot  
  120  9:48  Archon  
  120  9:54  Robotics Facility, High Templar  
  120  9:55  High Templar, Zealot x2  
  120  9:56  Zealot x2  
  132  10:00  Archon  
  132  10:19  Zealot x3  
  132  10:20  Zealot  
  132  10:21  Zealot x4  
  76  10:28  Zealot x2  
  64  10:41  Adept x5  
  64  10:42  Adept x3  
Show
View Real Time Build Order
Export as new Build Order

Towelie Zerg - Winner!

Build Orders: Pool First 

Get SALT Encoding   

  12  0:00  Drone  
  13  0:09  Extractor  
  12  0:24  Spawning Pool  
  11  0:29  Drone  
  11  0:33  Drone  
  13  0:40  Drone  
  14  0:52  Overlord  
  14  1:12  Zergling x4, Metabolic Boost  
  14  1:15  Zergling x2  
  17  1:24  Zergling x2  
  18  1:34  Zergling x2  
  19  1:49  Hatchery  
  18  1:58  Zergling x4  
  20  2:07  Zergling x2  
  21  2:22  Overlord  
  21  2:34  Queen  
  22  2:51  Drone x3  
  24  3:02  Queen, Drone  
  25  3:15  Drone x3  
  27  3:24  Drone  
  27  3:25  Drone  
  29  3:33  Drone  
  30  3:39  Drone  
  30  3:42  Queen  
  30  3:44  Overlord  
  30  3:48  Drone x4  
  35  4:03  Zergling x2  
  35  4:04  Zergling x2  
  35  4:08  Zergling x2  
  38  4:12  Zergling x8  
  38  4:16  Hatchery  
  41  4:21  Overlord  
  41  4:23  Zergling x2  
  42  4:28  Zergling x2  
  43  4:37  Drone  
  43  4:38  Drone  
  43  4:44  Overlord  
  43  4:46  Drone x2  
  45  4:52  Evolution Chamber  
  45  4:55  Drone x4  
  47  5:03  Drone x3  
  47  5:04  Drone  
  51  5:11  Zergling x4  
  52  5:23  Overlord  
  52  5:25  Drone x2  
  52  5:26  Drone x2  
  56  5:29  Zerg Melee Weapons Level 1  
  56  5:32  Queen  
  58  5:37  Drone x3  
  58  5:38  Drone x2  
  63  5:46  Drone, Extractor x2  
  62  5:52  Overlord x2  
  62  5:53  Drone  
  62  5:56  Roach Warren  
  62  6:00  Drone x9  
  70  6:17  Drone x2  
  70  6:18  Drone x2  
  70  6:24  Lair  
  68  6:26  Zergling x6  
  68  6:30  Zergling x2  
  68  6:31  Zergling x6  
  75  6:36  Zergling x2  
  75  6:37  Zergling x6  
  79  6:41  Extractor  
  79  6:42  Extractor  
  77  6:52  Drone  
  77  6:53  Drone x3  
  77  6:54  Drone x3  
  84  6:57  Hatchery, Overlord x2  
  84  6:58  Overlord x2  
  83  7:08  Roach x3  
  89  7:18  Roach x8  
  89  7:21  Glial Reconstitution  
  105  7:23  Zerg Melee Weapons Level 2  
  105  7:34  Roach x5  
  112  7:37  Zergling x6  
  114  7:47  Zergling x12  
  114  7:50  Overlord x2  
  114  7:51  Overlord  
  119  8:01  Drone  
  119  8:02  Drone x2, Extractor  
  121  8:09  Overseer  
  121  8:10  Overlord x3, Drone  
  122  8:18  Baneling Nest  
  121  8:21  Drone  
  121  8:23  Drone  
  121  8:26  Hatchery, Queen  
  124  8:32  Ravager x2  
  124  8:33  Ravager x4  
  130  8:34  Zergling x2  
  130  8:35  Zergling x24  
  143  8:50  Zergling x2  
  143  8:51  Zergling x8  
  148  8:59  Zergling x8  
  152  9:05  Centrifical Hooks  
  152  9:10  Baneling x2  
  152  9:11  Baneling x23  
  152  9:12  Baneling x11  
  152  9:13  Zergling x2  
  152  9:14  Zergling x6  
  156  9:33  Zergling x10  
  156  9:34  Zergling x14  
  156  9:38  Overlord x4  
  168  9:54  Zergling x2  
  168  9:55  Zergling x22  
  172  10:20  Zergling x2  
  172  10:21  Zergling x32  
  141  10:34  Zergling x8  
Tags
 
Add a new tag
Caveats
  • Supply blocks, unpowered buildings, or Contaminate may cause inaccurate times.
  • Supply counts are checked every 10 seconds.